Unix NetHack Version 5.0.0-0 post-release - last build Jul 19 2026 19:10:59 (3aa4ab31751d3886436d94b585a96704892fd477,branch:main).

Game began 2026-07-27 01:49:03, ended 2026-07-27 03:23:43.

HumaRuntu, chaotic female elven Priestess

                      ----- -----
                     --...--..|.--                                      ----
                     |...........---                                    |..|
                 --- |.............-                                    |..---
               ---.---.............                                    --....|
              --..........G...`                                        |.....|
              |.@'.f))h..G.G..|                                        |.-----
              |.............---             --------------             |.|
              ------......---              --........%)..|             |.|
                   |....---              ---.....).---.<.-----         |.|
                   |....|    ----        |....).....|---.....--        |.--
          ---   ----....-----|..|        |.|.......--  -----..--    ----..--
          |..................|..--       |.|--.....--      --..|-----......|
          |    -------....--.....---------.| |..--..-       --.||.....--...|
           -    -------....................--------..|       |.--[----|..---
           -.........................---....--    |..|      --.)..|   |..|
         -.......   --....--.................|    ----      |....--   ----
           ----      --.------...............|              --...|
                      ---    |..--.|.------.--               --..|
                             ---------     --                 ----
HumaRuntu the Adept          St:13 Dx:7 Co:16 In:8 Wi:20 Ch:8  Chaotic
Dlvl:8  $:110 HP:0(54) Pw:32(83) AC:3  Xp:7 T:4893 

Latest messages:
 The large cat bites!
 You miss the large cat.
 The large cat bites!
 You hit the large cat!
 The large cat bites!
 You hit the large cat!
 The large cat turns to flee.
 What do you want to throw? [$aAB or ?*] B
 In what direction? l
 The thonged club hits the floating eye!
 The thonged club returns to your hand!
 The thonged club hits the floating eye!
 The thonged club returns to your hand!
 The dwarf throws a dagger!
 The dagger hits the floating eye.
 The floating eye is killed!
 The thonged club hits the gold golem.
 The thonged club returns to your hand!
 The thonged club hits the gold golem!
 The thonged club returns to your hand!
 The thonged club hits the gold golem!
 The thonged club returns to your hand!
 You miss the gold golem.
 The gold golem hits!
 The gold golem misses!
 The dwarf throws a dart!
 The dart hits the gold golem.
 You hit the gold golem!
 The gold golem hits!
 The gold golem hits again!
 The dwarf picks up a dagger.
 You hit the gold golem.
 The gold golem hits!
 The gold golem hits again!
 The dwarf throws a dagger!
 The dagger hits the gold golem.
 You hit the gold golem!
 The gold golem hits!
 The gold golem hits again!
 The dwarf throws a dart!
 The dart hits the large cat.
 You hit the gold golem!
 The gold golem hits!
 The gold golem hits again!
 You die...
 Do you want your possessions identified? [ynq] (y) y
 Do you want to see your attributes? [ynq] (y) y
 Do you want an account of creatures vanquished? [ynaq] (y) y
 Do you want to see your conduct and achievements? [ynq] (y) y
 Do you want to see the dungeon overview? [ynq] (y) y

Inventory:
 Coins    ('$')
  $ - 110 gold pieces
 Weapons  (')')
  B - a +2 aklys (tethered to left hand)
  a - a blessed rusty +1 mace
  A - a blessed +1 war hammer
 Armor    ('[')
  N - a +0 elven leather helm (being worn)
  W - a +0 pair of leather gloves (being worn)
  k - a +0 pair of low boots (being worn)
  c - a +0 small shield (being worn)
  v - a +0 cloak of protection (being worn)
  b - a +0 robe
 Comestibles  ('%')
  e - a clove of garlic
  j - 2 food rations
  f - 2 sprigs of wolfsbane
 Scrolls  ('?')
  n - a scroll of punishment
  T - a cursed scroll of remove curse
 Spellbooks  ('+')
  s - a spellbook of blank paper
  S - a spellbook of detect food
  g - a spellbook of detect monsters
  m - a spellbook of dig
  h - a spellbook of light
 Potions  ('!')
  r - 2 potions of healing
  w - a cursed potion of healing
  K - a potion of object detection
  O - a cursed potion of object detection
  D - a potion of paralysis
  u - a potion of restore ability
  x - a potion of speed
  d - 3 potions of holy water
 Wands    ('/')
  J - a wand of cancellation (0:3)
  Y - a wand of fire (0:3)
  y - a wand of stasis (0:6)
 Tools    ('(')
  i - a bugle
  M - a blindfold
  G - a magic whistle
  Q - a mirror
  p - a towel
 Gems/Stones  ('*')
  z - a touchstone

HumaRuntu the Priestess's attributes:

Background:
 You were an Adept, a level 7 elven Priestess.
 You were chaotic, on a mission for Mars
 who was opposed by Mercury (lawful) and Venus (neutral).
 You were left-handed.
 You were in the Gnomish Mines, on level 8.
 You entered the dungeon 4893 turns ago.
 It was nighttime.
 You had 1129 experience points, 151 more were needed to attain level 8.

Basics:
 You had 0 out of 54 hit points.
 You had 32 out of 83 energy points (spell power).
 Your armor class was 3.
 Your wallet contained 110 zorkmids.
 Autopickup was on for '$?!/="+' plus thrown.

Final Characteristics:
 Your strength was 13 (peak:17, limit:18).
 Your dexterity was 7 (limit:18).
 Your constitution was 16 (limit:16).
 Your intelligence was 8 (limit:20).
 Your wisdom was 20 (limit:20).
 Your charisma was 8 (limit:18).

Final Status:
 You weren't hungry.
 You were unencumbered.
 You were wielding a club.
 You were skilled in club.

Final Attributes:
 You were piously aligned.
 You were sleep resistant.
 You had infravision.
 You were protected.
 You are dead.

Miscellaneous:
 You didn't encounter any bones levels.
 Total elapsed playing time was 1 hour, 34 minutes and 39 seconds.

Major events:
 Turn
    1: HumaRuntu the chaotic elven Priestess entered the dungeon
  731: attained the rank of Acolyte (level 3)
  964: entered the Gnomish Mines
 2388: attained the rank of Adept (level 6)
 3169: reached Mine Town
 4893: killed by a gold golem

Spells:
 Name                 Level Category     Fail Retention
 detect monsters        1   divination     0%   71%-80%
 light                  1   clerical       0%   71%-80%
 detect food            2   divination     0%  91%-100%
 dig                    5   matter       100%  76%-100%

Skills:
 Fighting Skills
   bare handed combat [Unskilled]
 Weapon Skills
   club               [Skilled]
   mace               [Basic]
   morning star       [Unskilled]
   flail              [Unskilled]
   hammer             [Unskilled]
   quarterstaff       [Unskilled]
   polearms           [Unskilled]
   spear              [Unskilled]
   trident            [Unskilled]
   lance              [Unskilled]
   bow                [Unskilled]
   sling              [Unskilled]
   crossbow           [Unskilled]
   dart               [Unskilled]
   shuriken           [Unskilled]
   boomerang          [Unskilled]
   unicorn horn       [Unskilled]
 Spellcasting Skills
   healing spells     [Unskilled]
   divination spells  [Basic]
   clerical spells    [Basic]

Voluntary challenges:
 Character rerolling was not enabled.
 You never genocided any monsters.
 You never polymorphed an object.
 You never changed form.
 You used no wishes.
Achievements:
 You attained the rank of Acolyte.
 You entered a shop.
 You entered the Gnomish Mines.
 You attained the rank of Adept.
 You entered Minetown.
 You entered a temple.

 The Dungeons of Doom: levels 1 to 2
    Level 1:
       A fountain.
    Level 2:
       An armor shop, some fountains.
       Stairs down to The Gnomish Mines.
 The Gnomish Mines: levels 3 to 8
    Level 3:
    Level 4:
    Level 5:
    Level 6:
       A general store, a temple and an altar, some fountains.
    Level 7:
    Level 8: <- You were here.
       Final resting place for
          you, killed by a gold golem.


Vanquished creatures:
  3 watchmen
  a giant beetle
  a dwarf leader
  a raven
  a water nymph
  a mountain nymph
  5 Mordor orcs
  a pony
  a shrieker
 12 gnome leaders
  4 gnomish wizards
  7 elf zombies
  a ghoul
  a straw golem
  2 giant ants
  a floating eye
 11 dwarves
  a homunculus
  a kobold shaman
 13 hill orcs
  3 rothes
 an orc zombie
  a werejackal
  2 iguanas
  7 killer bees
  a coyote
  a hobbit
  a hobgoblin
  a giant rat
  2 cave spiders
  a brown mold
  a green mold
 38 gnomes
  a gecko
  5 jackals
  4 foxes
  2 kobolds
  a goblin
  a sewer rat
  8 grid bugs
  4 bats
  6 lichens
  7 newts
168 creatures vanquished.

No species were genocided or became extinct.

Game over:
                       ----------
                      /          \
                     /    REST    \
                    /      IN      \
                   /     PEACE      \
                  /                  \
                  |    HumaRuntu     |
                  |      110 Au      |
                  | killed by a gold |
                  |      golem       |
                  |                  |
                  |                  |
                  |       2026       |
                 *|     *  *  *      | *
        _________)/\\_//(\/(/\)/\//\/|_)_______

Goodbye HumaRuntu the Priestess...

You died in The Gnomish Mines on dungeon level 8 with 4975 points,
and 110 pieces of gold, after 4893 moves.
You were level 7 with a maximum of 54 hit points when you died.

